 Dungeon Crawl Stone Soup version 0.28-b1-25-g9875b3fc8c (webtiles) character file.

Game seed: 17040933491945304713

148 unlimited1921 the Skirmisher (level 5, -2/70 HPs)
             Began as a Minotaur Fighter on Feb 1, 2022.
             Slain by a scorpion (4 damage)
             ... on level 3 of the Dungeon.
             The game lasted 00:08:48 (3271 turns).

unlimited1921 the Skirmisher (Minotaur Fighter)     Turns: 3271, Time: 00:08:49

Health: -2/70      AC: 22    Str: 20    XL:     5   Next: 8%
Magic:  4/4        EV:  2    Int:  5    God:
Gold:   48         SH:  5    Dex: 12    Spells: 4/4 levels left

rFire   . . .      SeeInvis .   a - +0 war axe
rCold   . . .      Faith    .   c - +0 buckler
rNeg    + . .      Spirit   .   (armour currently unavailable)
rPois   +          Reflect  .   (helmet currently unavailable)
rElec   .          Harm     .   (cloak currently unavailable)
rCorr   .          Rampage  .   (gloves currently unavailable)
Will    .....      NoTele   +   (boots currently unavailable)
Stlth   +.........              (no amulet)
HPRegen 0.21/turn               e - ring of positive energy
MPRegen 0.09/turn               (no ring)

@: tree-form
A: stationary, stasis, torment immunity, boosted hp, (horns 2), (retaliatory
headbutt)
a: no special abilities


You were on level 3 of the Dungeon.
You were a tree.
You visited 1 branch of the dungeon, and saw 4 of its levels.

You collected 48 gold pieces.

Inventory:

Hand Weapons
 a - a +0 war axe (weapon)
 o - a +0 short sword of venom
Missiles
 h - 11 bolts
 m - 21 sling bullets
Armour
 b - a +0 scale mail (melded)
 c - a +0 buckler (worn)
 n - a +0 ring mail of willpower
Jewellery
 e - a ring of positive energy (left branch)
Scrolls
 l - 2 scrolls of noise
Potions
 f - a potion of flight
 p - a potion of cancellation


   Skills:
 * Level 4.8 Fighting
 + Level 4.4 Axes
 + Level 0.2 Throwing
 + Level 4.2 Armour
 + Level 0.2 Dodging
 + Level 0.2 Stealth
 + Level 4.2 Shields


You had 4 spell levels left.
You didn't know any spells.
Your spell library contained the following spells:

 Spells                   Type           Power      Damage    Failure   Level
 Freeze                   Ice            0%         1d3       56%         1
 Frozen Ramparts          Ice            0%         1d2       90%         3
 Hailstorm                Conj/Ice       0%         3d3       100%        4


Dungeon Overview and Level Annotations

Branches:
Dungeon (4/15)
 Temple: D:4-7

Altars:
Wu Jian

Annotations:
D:3 1 runed translucent door, crazypyro's ghost, weakling DsBe


Innate Abilities, Weirdness & Mutations

You are a tree.
Your roots penetrate the ground, keeping you stationary.
You cannot be teleported.
You are immune to unholy pain and torment.
Your maximum health is greatly increased.
Your equipment is partially melded.
((You have a pair of horns on your head.))
((You reflexively headbutt those who attack you in melee.))


Message History

You throw a poisoned dart. The poisoned dart hits the scorpion.
The scorpion is moderately wounded.
You block the scorpion's attack. The scorpion stings you.
* * * LOW HITPOINT WARNING * * *
You turn into a tree.
Your +0 scale mail melds into your body.
Your roots penetrate the ground.
The scorpion stings you but does no damage.
Throw: 3 darts (poison)
Press: ? - help, Q - select action Shift-Dir - straight line, f/p - scorpion
Aim: a scorpion (moderately wounded, 59% to hit)
You throw a poisoned dart. The poisoned dart hits the scorpion.
The scorpion is moderately wounded.
The scorpion stings you but does no damage.
Throw: 2 darts (poison)
Press: ? - help, Q - select action Shift-Dir - straight line, f/p - scorpion
Aim: a scorpion (moderately wounded, 59% to hit)
You throw a poisoned dart.
The poisoned dart completely misses the scorpion.
The scorpion stings you but does no damage.
Throw: dart (poison)
Press: ? - help, Q - select action Shift-Dir - straight line, f/p - scorpion
Aim: a scorpion (moderately wounded, 59% to hit)
You throw a poisoned dart.
The poisoned dart barely misses the scorpion.
The scorpion stings you but does no damage. x2
The scorpion stings you but does no damage.
The scorpion stings you but does no damage.
The scorpion barely misses you. The scorpion stings you.
* * * LOW HITPOINT WARNING * * *
The scorpion stings you.
* * * LOW HITPOINT WARNING * * *
The scorpion stings you.
* * * LOW HITPOINT WARNING * * *
The scorpion stings you but does no damage.
The scorpion stings you but does no damage.
The scorpion stings you but does no damage.
The scorpion stings you.
You die...

#...#.......#..#
#.#.#########..#
#.#.)..........##
#.#..####.###...#
#.#..# #.# #..##
##.#..####.# #..#
#.....##...# #..#
##..##.#...## #..#
.#####......###.♣#
...#......<.....s#
######......####.#
..# #.#...## #†#
8.# ##.##.## #>#
..# #..##.# #.#
### #.###.# #.#
#####.###.# #(#
..........# #.#


You could see a scorpion.

Vanquished Creatures
  A kobold brigand (D:3)
  2 adders (D:3)
  2 dart slugs (D:1)
  10 endoplasms
  2 giant cockroaches
  6 goblins
  8 hobgoblins
  8 kobolds
  4 ball pythons
  5 bats
  2 frilled lizards (D:2)
  5 rats
55 creatures vanquished.

Vanquished Creatures (others)
  7 plants (D:3)
7 creatures vanquished.

Grand Total: 62 creatures vanquished

Notes
Turn   | Place    | Note
-------+----------+-------------------------------------------
     0 | D:1      | unlimited1921 the Minotaur Fighter began the quest for the
                  | Orb.
     0 | D:1      | Reached XP level 1. HP: 19/19 MP: 0/0
   284 | D:1      | Reached XP level 2. HP: 27/27 MP: 1/1
  1146 | D:1      | Reached XP level 3. HP: 31/33 MP: 2/2
  2303 | D:3      | Found an ornate altar of the Wu Jian Council.
  2377 | D:3      | Found a faded altar of an unknown god.
  2598 | D:3      | Found a runed translucent door.
  2598 | D:3      | Noticed crazypyro's ghost (weakling DsBe)
  2805 | D:3      | Reached XP level 4. HP: 41/41 MP: 3/3
  2884 | D:4      | Noticed a kobold brigand
  2884 | D:4      | Noticed a scorpion
  3159 | D:3      | Killed a kobold brigand
  3160 | D:3      | Reached XP level 5. HP: 36/47 MP: 4/4
  3266 | D:3      | HP: 3/70 [scorpion (6)]
  3267 | D:3      | HP: 1/70 [scorpion (1)]
  3271 | D:3      | Slain by a scorpion

Illustrated notes

Levels and vault maps discovered:
D:1:      lordsloth_arrival_two_stooges, layout_loops_corners,
          minmay_splitting_lines
D:2:      wander_river, layout_basic
D:3:      layout_loops_ring, lemuel_tele_altar, gammafunk_ghost_grave,
          chequers_ecumenical_altar_lobes
D:4:      layout_rooms, mainiacjoe_overflow_alcove_2,
          mainiacjoe_overflow_big_doors

Skill      XL: |  1  2  3  4 |
---------------+-------------+-----
Shields        | 4 |  4.2
Fighting       | 4 |  4.8
Axes           | 3 4 |  4.4
Armour         | 4 |  4.2
Throwing       | |  0.2
Dodging        | |  0.2
Stealth        | |  0.2

Action                   |  1- 3 |  4- 6 || total
-------------------------+-------+-------++-------
Melee: War axe           |    93 |    15 ||   108
       Headbutt          |     8 |     2 ||    10
Throw: Dart              |       |    10 ||    10
  Use: Scroll            |     3 |     5 ||     8
       Potion            |       |     5 ||     5
Armor: Scale mail        |    48 |     9 ||    57
       Skin              |       |    10 ||    10
Dodge: Dodged            |    46 |     8 ||    54
Block: Buckler           |    21 |    10 ||    31
